 Dungeon Crawl Stone Soup version 0.31.0-32-g396128a36d (webtiles) character file.

Game seed: 5294069394713867071

10248 Tovical the Basher (level 11, -12/68 HPs)
             Began as a Gargoyle Fighter on Mar 19, 2024.
             Was a High Priest of Okawaru.
             Incinerated by a smoke demon (16 damage)
             ... with a pyre arrow
             ... in a volcano.
             The game lasted 00:35:04 (9363 turns).

Tovical the Basher (Gargoyle Fighter)               Turns: 9363, Time: 00:35:04

Health: -12/68     AC: 26    Str: 29    XL:     11   Next: 59%
Magic:  11/11      EV:  7    Int: 10    God:    Okawaru [*****.]
Gold:   611        SH:  4    Dex:  9    Spells: 10/10 levels left

rFire   . . .        b - +3 dagger (holy)
rCold   . . .        c - +0 buckler
rNeg    + . .        q - +1 plate armour
rPois   ∞            m - +1 hat {Stlth+}
rElec   +            (no cloak)
rCorr   .            F - +1 pair of gloves
SInv    .            (no boots)
Will    +....        (no amulet) Stlth
                     E - ring of willpower
HPRegen 0.31/turn    h - +6 ring of strength
MPRegen 0.12/turn

%: no passive effects
@: on fire, glowing
A: sickness immunity, AC +8, negative energy resistance 1, electricity
resistance, torment resistance 1, petrification resistance
a: Renounce Religion, Heroism, Finesse, Duel


You were in a volcano.
You worshipped Okawaru.
Okawaru was extremely pleased with you.
You visited 3 branches of the dungeon, and saw 14 of its levels.
You also visited: Volcano.

You collected 611 gold pieces.

Inventory:

Hand Weapons
 a - the +8 mace of Pifaj {flame, rF+ Str+2}
   (You found it on level 2 of the Dungeon)

   Str+2:     It affects your strength (+2).
   rF+:       It protects you from fire.
 b - a +3 dagger of holy wrath (weapon)
 p - a +0 flail
 A - a +2 flail of venom
Missiles
 j - 12 boomerangs
 n - 3 javelins
 o - 2 throwing nets
 s - 6 poisoned darts (quivered)
Armour
 c - a +0 buckler (worn)
 g - +0 steam dragon scales
 m - a +1 hat of stealth (worn)
 q - a +1 plate armour (worn)
 F - a +1 pair of gloves (worn)
Magical Staves
 u - a staff of earth
Jewellery
 h - a +6 ring of strength (right hand)
 E - a ring of willpower (left hand)
Wands
 d - a wand of flame (9)
 B - a wand of paralysis (10)
Scrolls
 e - 4 scrolls of fear
 f - 2 scrolls of revelation
 i - 3 scrolls of enchant weapon
 w - a scroll of blinking
 y - 4 scrolls of vulnerability
 z - 3 scrolls of teleportation
 D - a scroll of identify
 G - a scroll of poison
Potions
 k - a potion of enlightenment
 l - a potion of brilliance
 r - a potion of cancellation
 x - 2 potions of mutation
 H - a potion of attraction


   Skills:
 + Level 8.3 Fighting
 - Level 14.0 Maces & Flails
 + Level 7.1 Throwing
 + Level 8.3 Armour
 - Level 3.2 Shields


You had 10 spell levels left.
You didn't know any spells.
Your spell library contained the following spells:

 Spells                   Type           Power      Damage    Failure   Level
 Magic Dart               Conj           0%         1d3       98%         1
 Blink                    Tloc           0%         N/A       99%         2
 Inner Flame              Hex/Fire       0%         N/A       100%        3
 Dimensional Bullseye     Hex/Tloc       0%         N/A       100%        4
 Iskenderun's Mystic Bla  Conj/Tloc      0%         2d3       100%        4
 Irradiate                Conj/Alch      0%         3d11      100%        5
 Ignition                 Fire           0%         3d3       100%        8
 Call Imp                 Summ           Unusable   N/A       N/A         2
 Tukima's Dance           Hex            Unusable   N/A       N/A         3

Dungeon Overview and Level Annotations

Branches:
Dungeon (10/15)            Temple (1/1) D:6            Lair (3/5) D:9
  Swamp (0/4) Lair:2        Snake (0/4) Lair:2      Volcano (1/1)
    Orc: D:9-12

Altars:
Ashenzari
Cheibriados
Dithmenos
Elyvilon
Fedhas
Gozag
Hepliaklqana
Kikubaaqudgha
Makhleb
Nemelex Xobeh
Okawaru
Qazlal
Ru
Sif Muna
Trog
Uskayaw
Vehumet
Wu Jian
Xom
Yredelemnul
Zin
The Shining One

Annotations:
D:9 2 transporters, lonewolfV2's ghost, novice FoFi
D:10 Erolcha; Joseph
Lair:1 1 transporter, exclusion: oklob plant, Wuochyse's ghost, journeyman DEHW


Innate Abilities, Weirdness & Mutations

You are immune to sickness and miasma.
Your stone body is resilient. (AC +8)
You are immune to poison.
You resist negative energy. (rN+)
You are resistant to electric shocks. (rElec)
You are resistant to unholy torment.
You are immune to petrification.


Message History

As you read the scroll of blinking, it crumbles to dust.
The liquid fire burns you!
The barbed spikes dig painfully into your body as you move.
You shake off some of the fire as you move.
The liquid fire burns you!
* * * LOW HITPOINT WARNING * * *
The barbed spikes dig painfully into your body as you move.
* * * LOW HITPOINT WARNING * * *
You shake off the liquid fire.
The barbed spikes dig painfully into your body as you move.
* * * LOW HITPOINT WARNING * * *
Okay, then.
Okay, then.
The barbed spikes dig painfully into your body as you move.
* * * LOW HITPOINT WARNING * * *
You feel like a meek peon again.
There is a rocky tunnel leading out of this place here.
You start resting.
You carefully extract the barbed spikes from your body.
You start resting.
Magic restored.
You barely miss the smoke demon.
The smoke demon is moderately wounded.
The smoke demon barely misses you.
The smoke demon hits you but does no damage.
You block the smoke demon's attack.
You hit the smoke demon but do no damage.
The smoke demon is moderately wounded.
The smoke demon barely misses you.
The smoke demon hits you but does no damage.
The smoke demon closely misses you.
You barely miss the smoke demon.
The smoke demon is moderately wounded.
The smoke demon gestures at you. The pyre arrow hits you.
You are covered in intense liquid fire!
You hit the smoke demon but do no damage.
The smoke demon is moderately wounded.
The liquid fire burns you!
You die...

#.§...≈≈≈≈§§≈≈≈≈
##.....≈§§§§§≈≈≈
#.....≈§≈≈§≈≈≈≈≈
###....§≈≈≈≈≈≈≈≈
#......§.≈.≈.≈≈.
#..###...§........
.# #####.##.###
#####.## ##
#.#@#.# #..3###
###.§...##
#..§§§.≈≈#
##§≈§.≈§##
##§≈≈≈## #≈§###
##≈# ##


You could see a smoke demon.

Vanquished Creatures
  A boulder beetle (D:9)
  A two-headed ogre (D:9)
  A death yak (Lair:1)
  An elephant (Lair:1)
  A black mamba (Lair:1)
  2 torpor snails (Lair:1)
  The ghost of seawaffle the Shooter, a novice FoHu (D:5)
  A komodo dragon (Lair:1)
  3 dream sheep (Lair:1)
  A vampire (D:9)
  5 yaks (D:9)
  Duvessa (D:5)
  A hell hound (Volcano)
  6 water moccasins
  3 orc warriors (D:9)
  2 sky beasts (D:6)
  A black bear (D:6)
  2 ogres
  An ice beast (D:5)
  A centaur (D:6)
  2 phantoms
  5 bullfrogs
  A kobold brigand (D:6)
  2 gnoll sergeants
  A scorpion (D:6)
  8 wights
  Dowan (D:5)
  20 killer bees
  A howler monkey (D:5)
  3 bombardier beetles
  A jelly (D:6)
  8 orc priests
  5 hounds
  3 gnoll boudas
  4 iguanas
  4 sleepcaps
  7 orc wizards
  26 gnolls
  5 adders
  A shadow imp (D:5)
  2 white imps
  35 orcs
  5 endoplasms
  A giant cockroach (D:3)
  8 goblins
  4 hobgoblins
  A quokka (D:4)
  5 ball pythons
  4 bats
  2 frilled lizards (D:1)
  15 kobolds
  3 rats
229 creatures vanquished.

Notes
Turn   | Place    | Note
-------+----------+-------------------------------------------
     0 | D:1      | Tovical the Gargoyle Fighter began the quest for the Orb.
     0 | D:1      | Reached XP level 1. HP: 14/14 MP: 1/1
   235 | D:1      | Reached XP level 2. HP: 14/19 MP: 2/2
   675 | D:2      | Reached skill level 1 in Throwing
   695 | D:2      | Identified the +8 mace of Pifaj {flame, rF+ Str+2}
   736 | D:2      | Reached skill level 3 in Maces & Flails
   750 | D:2      | Reached XP level 3. HP: 23/23 MP: 3/3
   777 | D:2      | Found a faded altar of an unknown god.
  1676 | D:3      | Reached XP level 4. HP: 28/28 MP: 4/4
  1832 | D:3      | Found a hide-covered altar of Uskayaw.
  2058 | D:3      | Reached skill level 11 in Maces & Flails
  2058 | D:3      | Reached XP level 5. HP: 32/32 MP: 5/5
  2159 | D:4      | Reached XP level 6. HP: 30/37 MP: 6/6
  2215 | D:4      | Reached skill level 12 in Maces & Flails
  2328 | D:5      | Entered Level 5 of the Dungeon
  2637 | D:4      | Found a stormy altar of Qazlal.
  2778 | D:4      | Reached XP level 7. HP: 32/41 MP: 7/7
  2836 | D:4      | HP: 2/41 [ogre/+0 giant spiked club (14)]
  3230 | D:5      | Identified the amulet "Mutichux" {Faith rPois Dex+3}
  3299 | D:5      | Noticed Duvessa
  3299 | D:5      | Noticed Dowan
  3308 | D:5      | Killed Duvessa
  3323 | D:5      | Killed Dowan
  3324 | D:5      | Reached XP level 8. HP: 44/46 MP: 8/8
  3635 | D:5      | Noticed seawaffle's ghost (novice FoHu)
  3638 | D:5      | Found a runed translucent door.
  4091 | D:6      | Found a staircase to the Ecumenical Temple.
  4102 | Temple   | Entered the Ecumenical Temple
  4118 | Temple   | Became a worshipper of Warmaster Okawaru
  4140 | D:6      | Reached skill level 5 in Throwing
  4234 | D:6      | Reached XP level 9. HP: 51/51 MP: 9/9
  4237 | D:6      | Reached skill level 13 in Maces & Flails
  4293 | D:6      | Found a shimmering blue altar of Sif Muna.
  4334 | D:6      | Found a glowing silver altar of Zin.
  4339 | D:6      | Reached * piety under Okawaru
  4602 | D:6      | You fall into a shaft and drop 1 floor!
  4929 | D:7      | Found a sparkling altar of Nemelex Xobeh.
  5926 | D:8      | Reached ** piety under Okawaru
  6545 | D:9      | Reached XP level 10. HP: 53/56 MP: 10/10
  6546 | D:9      | Reached skill level 14 in Maces & Flails
  6599 | D:9      | Reached *** piety under Okawaru
  6729 | D:9      | Reached skill level 5 in Fighting
  6729 | D:9      | Reached skill level 5 in Armour
  7034 | D:9      | Noticed a toenail golem
  7037 | D:9      | Found a staircase to the Lair.
  7072 | D:10     | Entered Level 10 of the Dungeon
  7075 | D:9      | Found a transporter.
  7081 | D:9      | Found a transporter.
  7081 | D:9      | Noticed a toenail golem
  7081 | D:9      | Noticed lonewolfV2's ghost (novice FoFi)
  7185 | D:10     | Noticed Joseph
  7233 | D:9      | Noticed a boulder beetle
  7264 | D:9      | Killed a boulder beetle
  7504 | D:9      | Noticed a two-headed ogre
  7513 | D:9      | Killed a two-headed ogre
  7603 | D:9      | Reached XP level 11. HP: 64/66 MP: 11/11
  7707 | D:10     | Noticed Erolcha
  8384 | D:5      | Killed seawaffle's ghost
  8507 | Lair:1   | Entered Level 1 of the Lair of Beasts
  8532 | Lair:1   | Found a transporter.
  8533 | Lair:1   | Noticed a skyshark
  8533 | Lair:1   | Noticed Wuochyse's ghost (journeyman DEHW)
  8545 | Lair:1   | Noticed a death yak
  8559 | Lair:1   | Reached **** piety under Okawaru
  8584 | Lair:1   | Killed a death yak
  8805 | Lair:1   | Noticed an oklob plant
  8884 | Lair:1   | Reached ***** piety under Okawaru
  9197 | Lair:1   | Found a shimmering blue altar of Sif Muna.
  9251 | Lair:2   | Found a dark tunnel.
  9251 | Lair:2   | Noticed a lindwurm
  9260 | Volcano  | Entered a volcano
  9353 | Volcano  | HP: 1/68 [barbs]
  9363 | Volcano  | Incinerated by a smoke demon

Illustrated notes

Levels and vault maps discovered:
D:1:      doesnt_arrival_eight_statues, layout_rooms, roderic_roman_lattice
D:2:      layout_loops_ring, dreamdust_ecumenical_altar_statues
D:3:      layout_loops_ring, nicolae_uskayaw_dance_hall, grunt_decor_junction
D:4:      layout_basic, mainiacjoe_overflow_alcove_2,
          serial_library_regret_index_double_sided, guppyfry_early_lair_pool
D:5:      layout_basic, hellmonk_ghost_happy_afterlife,
          kennysheep_generic_room_10, uniq_duvessa
D:6:      layout_basic, mainiacjoe_overflow_catch_the_wave, temple_fountains
D:7:      layout_basic, nicolae_overflow_crystal_walls, serial_glass,
          glass_columns_a, glass_columns_c, minmay_strange_pillars,
          due_unseen_surprise, feat_on_display, feat_on_display
D:8:      layout_basic, chequers_serial_rivers_room_a
D:9:      layout_layer_cave, lair_entry_dummy, gammafunk_ghost_abyssal_escape,
          grunt_ministairs_15
D:10:     layout_basic, erik_orc_1, serial_corexii_hall,
          chequers_hall_statues_wall_a, chequers_hall_statues_corner_a,
          uniq_erolcha, uniq_joseph
Temple:   nicolae_temple_bog_church
Lair:1:   layout_gridlike, gammafunk_ghost_arena, basic_altar, minivault_11
Lair:2:   layout_loops_ring, minmay_swamp_entry_worms,
          nicolae_snake_entry_squirm, nicolae_volcano_entry_vermiform,
          minmay_shattered_shrine
Lair:3:   layout_loops_ring, uniq_nergalle
Volcano:  volcano_pools

Skill      XL: |  1  2  3  4  5  6  7  8  9 10 11 |
---------------+----------------------------------+-----
Throwing       | 1 2 3 4 5 6 7 |  7.1
Maces & Flails | 3 11 12 13 14 | 14.0
Fighting       | 6 8 |  8.3
Armour         | 6 8 |  8.3
Shields        | |  3.2

Action                     |  1- 3 |  4- 6 |  7- 9 | 10-12 || total
---------------------------+-------+-------+-------+-------++-------
  Melee: Flail             |    69 |       |       |       ||    69
         Mace              |    27 |    73 |   247 |   251 ||   598
         Dagger            |       |       |       |    13 ||    13
  Throw: Boomerang         |       |       |    34 |     5 ||    39
         Dart              |       |       |       |     5 ||     5
 Invoke: Heroism           |       |       |     1 |     8 ||     9
  Evoke: Wand              |       |       |       |     2 ||     2
    Use: Scroll            |       |    10 |    13 |     5 ||    28
         Potion            |       |     1 |     1 |     5 ||     7
 Armour: Scale mail        |    28 |       |       |       ||    28
         Chain mail        |    30 |       |       |       ||    30
         Plate armour      |     6 |    50 |   159 |   263 ||   478
  Dodge: Dodged            |    44 |    11 |    54 |    79 ||   188
  Block: Buckler           |    10 |     7 |    20 |    58 ||    95
